[Event "*** Titled Tuesday Blitz"]
[Site "Chess.com"]
[Date "2020.12.29"]
[Round "3"]
[White "Chernobay_Artem"]
[Black "PowerThinking2650"]
[Result "1/2-1/2"]
[WhiteElo "2642"]
[BlackElo "2428"]
[TimeControl "180+1"]
[EndTime "10:29:28 PST"]
[Termination "Game drawn by repetition"]

1. d4 Nf6 2. c4 g6 3. Nc3 Bg7 4. e4 d6 5. Nf3 O-O 6. Be2 e5 7. O-O Nc6 8. d5 Ne7 9. Ne1 Nd7 10. Be3 f5 11. f3 f4 12. Bf2 g5 13. Rc1 Ng6 14.
c5 Nxc5 15. b4 Na6 16. Nb5 Bd7 17. Nxa7 Qb8 18. Bxa6 Rxa7 19. Bc4 Ra8 20. b5 h5 21.
a4 g4 22. Bb3 Qd8 23. Rc3 g3 24. hxg3 fxg3 25. Bxg3 h4 26. Bh2 Bh6 27. Qc2 Rc8 28. Kh1 Bf4 29. Nd3 Bxh2 30. Kxh2 Qg5 31. Qf2 Nf4 32.
Nxf4 exf4 33. Rfc1 Rf7 34. Rxc7 Rxc7 35. Rxc7 Rg7 36. Bc4 h3 37. Bf1 hxg2 38. Bxg2 b6 39. Rb7 Kh8 40. Rxb6 Rh7+ 41. Kg1 Bh3 42. Rb8+ Kg7 43.
Rb7+ Kh6 44. Rxh7+ Kxh7 45. b6 Bc8 46. a5 Ba6 47. Qc2 Qg3 48. e5+ Kg8 49. exd6 Qe1+ 50. Kh2 Qg3+ 51. Kh1 Qe1+ 52. Kh2 Qg3+ 53. Kg1 Qe1+ 54.
Kh2 1/2-1/2

[Event "*** Titled Tuesday Blitz"]
[Site "Chess.com"]
[Date "2020.12.29"]
[Round "3"]
[White "Sharpchess22"]
[Black "lavr92"]
[Result "1-0"]
[WhiteElo "2816"]
[BlackElo "2602"]
[TimeControl "180+1"]
[EndTime "10:29:29 PST"]
[Termination "Sharpchess22 won by resignation"]

1. c4 e6 2. Nc3 d5 3. d4 c6 4. e3 Bd6 5. Bd3 f5 6. Nge2 Nf6 7. f3 O-O 8. Qc2 dxc4 9. Bxc4 Kh8 10. a3 b5 11. Ba2 Qe7 12. O-O Nbd7 13. Bd2 a6 14. Rae1 c5 15. Kh1 Bb7 16. dxc5 Bxc5 17.
Nd4 Bxd4 18. exd4 Nh5 19. Bxe6 Qh4 20. Ne2 Rae8 21. Qb3 Rf6 22. d5 Nc5 23. Qb4 Qxb4 24. Bxb4 Nxe6 25. dxe6 Rfxe6 26. Nd4 Rxe1 27. Bxe1 g6 28. Bc3 Kg8 29. g3 Ng7 30. Kg1 Ne6 31. Nxe6 Rxe6 32. Kf2 Rd6 33. Ke3 Kf7 34. Be5 Rd7 35. Rc1 Ke6 36. Bf4 Kf7 37. h4 Re7+ 38. Kf2 h5 39. Rc5 Rd7 40. Ke3 Re7+ 41. Be5 Rd7 42. Kf4 Ke6 43. Bc3 Rd3 44. Kg5 Bxf3 45. Kxg6 Bg4 46. Rc6+ Rd6 47. Rc5 Rd5 48. Rc7 Rd3 49. Ra7 Rxg3 50. Rxa6+ Kd5 51. Kg5 b4 52. Ra5+ Ke4 53. axb4 Bh3+ 54. Kxh5 f4 55. Re5+ Kd3 56. Rg5 Ke2 57. b5 Bg2 58. b6 Be4 59. Be5 Rxg5+ 60. Kxg5 f3 61. Bd4 Kd3 62. Bg1 Kc4 63. h5 Kb5 64. h6 Ka6 65. Kf6 1-0

[Event "*** Titled Tuesday Blitz"]
[Site "Chess.com"]
[Date "2020.12.29"]
[Round "3"]
[White "Margarita2907"]
[Black "CM_rui"]
[Result "1-0"]
[WhiteElo "2196"]
[BlackElo "2341"]
[TimeControl "180+1"]
[EndTime "10:29:30 PST"]
[Termination "Margarita2907 won by checkmate"]

1. e4 e5 2. Nf3 Nc6 3. Bc4 Bc5 4. d3 Nf6 5. O-O O-O 6. h3 d5 7. exd5 Nxd5 8. Re1 h6 9. a4 a6 10. Nbd2 Nf4 11. Ne4 Ba7 12. Bxf4 exf4 13. Qd2 g5 14. c3 Kg7 15. d4 f5 16. Nc5 Bxc5 17. dxc5 Qxd2 18.
Nxd2 g4 19. hxg4 fxg4 20. Re4 f3 21. g3 Bf5 22. Re3 Rad8 23. Ne4 Rfe8 24. Rae1 Ne5 25. Bf1 Bxe4 26. Rxe4 Kf6 27. b4 h5 28. b5 axb5 29.
axb5 Re7 30. Bc4 h4 31. gxh4 Rh8 32. Rf4+ Kg6 33. Bb3 Rxh4 34. Bc2+ Kg5 35. Rf5+ Kh6 36. Rfxe5 Rd7 37. Re6+ Kg7 38. Re7+ Rxe7 39. Rxe7+ Kf6 40. Rxc7 Rh5 41. c6 bxc6 42. Rxc6+ Ke7 43. b6 Rb5 44. c4 Rb2 45. Bf5 Rb4 46. Bxg4 Rb3 47. Kh2 Rb2 48. Kg3 Rb3 49. Bxf3 Kd7 50. Rg6 Kc8 51. c5 Rb4 52.
c6 Rxb6 53. Rg8+ Kc7 54. Rg7+ Kc8 55. Bg4+ Kb8 56. c7+ Ka7 57. c8=Q+ Rb7 58. Qxb7# 1-0

[Event "*** Titled Tuesday Blitz"]
[Site "Chess.com"]
[Date "2020.12.29"]
[Round "3"]
[White "ZiggyStardust64"]
[Black "Salem-AR"]
[Result "0-1"]
[WhiteElo "2688"]
[BlackElo "2933"]
[TimeControl "180+1"]
[EndTime "10:29:31 PST"]
[Termination "Salem-AR won by resignation"]

1. e4 c5 2. Nf3 d6 3. Bb5+ Nd7 4.
Ba4 Nf6 5. O-O e6 6. Re1 Be7 7.
c3 c4 8. Bb5 d5 9. exd5 exd5 10. d3 a6 11. Bxd7+ Bxd7 12. dxc4 dxc4 13. Nbd2 b5 14.
Qe2 Be6 15. Nd4 Qd5 16. N2f3 O-O 17. Nxe6 fxe6 18. Qxe6+ Qxe6 19. Rxe6 Nd5 20. Bd2 Bf6 21. Rae1 Rfd8 22. g3 b4 23. Rc1 a5 24. Bg5 bxc3 25.
bxc3 Rab8 26. Rc6 Rb2 27. Rxc4 Rf8 28. Bxf6 Nxf6 29. Rf4 Rxa2 30. c4 a4 31. c5 a3 32. c6 Rc8 33. Ra4 Nd5 34. Nd4 Kf7 35.
Ra5 Nb4 36. Nb5 Rxc6 37. Rxc6 Nxc6 38. Rxa3 Rb2 39. Nd6+ Ke6 40. Ne4 Nd4 41. Re3 Nf5 42.
Rf3 Nd4 43. Re3 Nf5 44. Rf3 h6 45. Ra3 Nd4 46. Nc5+ Kd5 47. Nd3 Rd2 48. Nf4+ Ke4 49. Re3+ Kf5 50. Nd5 Ne2+ 51. Kf1 Nd4 52. Nc3 g5 53. h4 g4 54. Ne4 Rd1+ 55. Kg2 Nf3 56.
Rxf3+ gxf3+ 57. Kxf3 Rd3+ 0-1

[Event "*** Titled Tuesday Blitz"]
[Site "Chess.com"]
[Date "2020.12.29"]
[Round "3"]
[White "Kosak12"]
[Black "IljaJoke"]
[Result "1/2-1/2"]
[WhiteElo "2762"]
[BlackElo "2449"]
[TimeControl "180+1"]
[EndTime "10:29:31 PST"]
[Termination "Game drawn by agreement"]

1. d4 d5 2. c4 e6 3. Nc3 c5 4. cxd5 exd5 5. Nf3 Nc6 6. g3 Nf6 7. Bg2 cxd4 8. Nxd4 Bc5 9. Nb3 Bb6 10. O-O d4 11.
Na4 O-O 12. Bg5 Re8 13. Re1 h6 14. Bxf6 Qxf6 15. Nxb6 axb6 16. Bxc6 bxc6 17. Qxd4 Qd8 18.
Qc3 c5 19. Rad1 Qc7 20. Nc1 Ba6 21. e4 Re7 22. Nd3 Bb7 23. f3 Rxa2 24. Ra1 Rxa1 25.
Rxa1 f5 26. exf5 Bxf3 27. Nf4 Be4 28. f6 gxf6 29. Qxf6 Qe5 30. Qxe5 Rxe5 31. Ra6 b5 32. Rxh6 b4 33. Rb6 Bf5 34. Kf2 Re4 35. b3 Rd4 36.
Ke3 Bc2 37. Rb5 Bxb3 38. Rxc5 Rd1 39. Rb5 Re1+ 40. Kf2 Re4 41. Nd3 Bc4 42. Rb8+ Kg7 43. Nxb4 Re2+ 44. Kg1 Kg6 45. Rf8 Rb2 46. Rb8 Kg5 47.
Nc6 Rd2 48. Ne5 Bd5 49. Rb5 Kf5 50. Nf3 Rd1+ 51. Kf2 Kg4 52. Rb4+ Kf5 53. Rd4 Bxf3 54. Rf4+ Kg5 55. Kxf3 Rf1+ 56. Ke3 Rh1 57. h4+ Kh5 58. Kf3 Rf1+ 59. Kg2 Rxf4 60. gxf4 Kg4 61. h5 Kxh5 62. Kf3 Kg6 63. Ke4 Kf6 1/2-1/2

[Event "*** Titled Tuesday Blitz"]
[Site "Chess.com"]
[Date "2020.12.29"]
[Round "3"]
[White "Keures"]
[Black "geordie_derraugh"]
[Result "0-1"]
[WhiteElo "2327"]
[BlackElo "2533"]
[TimeControl "180+1"]
[EndTime "10:29:31 PST"]
[Termination "geordie_derraugh won on time"]

1. d4 Nf6 2. c4 e6 3. Nc3 Bb4 4. Qc2 c5 5. a3 Bxc3+ 6. Qxc3 cxd4 7. Qxd4 Nc6 8. Qc3 O-O 9. Nf3 d5 10. e3 Ne4 11. Qc2 Qf6 12. Bd3 Ng5 13. Nxg5 Qxg5 14.
O-O Qh5 15. b4 dxc4 16. Bxc4 e5 17. Bb2 Bf5 18. Bd3 Bxd3 19. Qxd3 Rad8 20. Qe4 Rd6 21. b5 Rh6 22. h3 Nd8 23. Qxe5 Qg6 24. Qg3 Qxg3 25.
fxg3 Re6 26. Bd4 b6 27. Rac1 Re7 28. Rc4 Ne6 29. Rfc1 f5 30. Be5 Rfe8 31. Rc8 Nc5 32. Bd6 Rxe3 33. Rxe8+ Rxe8 34. Bxc5 bxc5 35. Rxc5 Re3 36. a4 Rxg3 37. Rc8+ Kf7 38. Rc7+ Kf6 39. Rxa7 Rb3 40. Ra6+ Kg5 41. b6 Kf4 42. Kh2 g5 43. a5 g4 44. hxg4 fxg4 45. Ra7 Rb1 46. Rf7+ Kg5 47. Rg7+ Kf4 48. b7 h5 49. Rf7+ Kg5 50.
Kg3 Rb2 51. a6 h4+ 52. Kh2 h3 53. a7 Rxg2+ 54. Kh1 Ra2 55. a8=Q Rb2 56. b8=Q Rb1+ 0-1

[Event "*** Titled Tuesday Blitz"]
[Site "Chess.com"]
[Date "2020.12.29"]
[Round "3"]
[White "ChristopherYoo"]
[Black "SergeyShtyka"]
[Result "1-0"]
[WhiteElo "2871"]
[BlackElo "2457"]
[TimeControl "180+1"]
[EndTime "10:29:32 PST"]
[Termination "ChristopherYoo won by checkmate"]

1. d4 c5 2. dxc5 e5 3. Nf3 Nc6 4. Nc3 Bxc5 5. Ne4 Be7 6. Nd6+ Bxd6 7. Qxd6 Qe7 8. Qxe7+ Ngxe7 9. e4 d5 10. exd5 Nxd5 11. Bb5 f6 12. O-O Bd7 13. Rd1 Nc7 14. Be2 O-O-O 15.
Be3 Bf5 16. c3 Rxd1+ 17. Rxd1 Rd8 18. Rxd8+ Kxd8 19. Nd2 Nd5 20. Bc5 Nf4 21. Bf3 Kc7 22.
h4 Ne6 23. Ba3 Bd3 24. g3 b5 25. Bd5 Ncd8 26. Ne4 Bxe4 27. Bxe4 g6 28. Bd5 a5 29. Kf1 f5 30. Ke2 Kd7 31. b3 Nc6 32. Ke3 b4 33. Bxc6+ Kxc6 34. cxb4 Nd4 35. Kd3 Nb5 36. Bb2 axb4 37.
Kc4 Nd6+ 38. Kxb4 Ne4 39. Bxe5 Nxf2 40. Kc4 h6 41. Bf4 g5 42. hxg5 hxg5 43. Bxg5 Ne4 44.
Bf4 Nf6 45. b4 Nh5 46. a4 Nf6 47. a5 Kb7 48. b5 Nd7 49. Kd5 Ka8 50. Ke6 Nc5+ 51.
Kxf5 Nb3 52. a6 Nd4+ 53. Ke4 Nxb5 54. g4 Nc3+ 55. Ke5 Ne2 56. g5 Ng1 57. g6 Nf3+ 58. Kf6 Nd4 59. g7 Ne6 60. g8=Q+ Ka7 61. Qxe6 Ka8 62. Qc6+ Ka7 63. Qb7# 1-0

[Event "*** Titled Tuesday Blitz"]
[Site "Chess.com"]
[Date "2020.12.29"]
[Round "3"]
[White "Nadtkins"]
[Black "petrpalachev"]
[Result "0-1"]
[WhiteElo "2537"]
[BlackElo "2705"]
[TimeControl "180+1"]
[EndTime "10:29:33 PST"]
[Termination "petrpalachev won by checkmate"]

1. c4 e6 2. Nf3 d5 3. e3 Nf6 4. b3 Be7 5. Bb2 O-O 6. Nc3 c5 7. cxd5 Nxd5 8. d4 cxd4 9. Nxd4 Bb4 10. Rc1 Qa5 11. Qd3 Qxa2 12. Ba1 Qxa1 13. Rxa1 Bxc3+ 14. Kd1 Bxa1 15. Nc2 Nc6 16. Nxa1 Rd8 17. Ke1 Ndb4 18. Qb1 e5 19. Bc4 g6 20. f3 Bf5 21. e4 Be6 22.
Nc2 Nxc2+ 23. Qxc2 Nd4 24. Qb2 Rac8 25. Kf2 b5 26. Bxe6 Rc2+ 27. Qxc2 Nxc2 28. Bd5 Nb4 29. Ra1 Nxd5 30. exd5 Rxd5 31. Rxa7 Rd3 32. Re7 f6 33. b4 Rd4 34. Re6 Kf7 35. Rb6 Rxb4 36. Rb7+ Ke6 37. Rxh7 Rb2+ 38. Kg3 f5 39. Rb7 f4+ 40.
Kh3 b4 41. Rb6+ Kf5 42. g4+ fxg3 43. hxg3 b3 44. Rb5 g5 45. Rb4 Rb1 46. Kh2 b2 47.
Kg2 Ke6 48. Rb5 Kd6 49. Kh2 Kc6 50. Rb8 Kc5 51. Kg2 Kd4 52. Rb7 Kc3 53. Rc7+ Kd2 54.
Rb7 Ke2 55. Rb3 Kd2 56. Rb5 g4 57. fxg4 e4 58. g5 e3 59. g6 e2 60. Rd5+ Kc3 61.
Rc5+ Kd4 62. g7 e1=Q 63. Rd5+ Ke4 64. g8=Q Qh1+ 65. Kf2 Qf3# 0-1

[Event "*** Titled Tuesday Blitz"]
[Site "Chess.com"]
[Date "2020.12.29"]
[Round "3"]
[White "AryanTari"]
[Black "FlySooHigh"]
[Result "1/2-1/2"]
[WhiteElo "2884"]
[BlackElo "2660"]
[TimeControl "180+1"]
[EndTime "10:29:34 PST"]
[Termination "Game drawn - insufficient material"]

1. e4 c5 2. Nc3 d6 3. f4 g6 4. Nf3 Bg7 5. Bb5+ Bd7 6. Bc4 Nc6 7. d3 Nh6 8. O-O O-O 9. f5 gxf5 10.
Qe1 Ng4 11. Bg5 h6 12. Bh4 Kh8 13. Nd5 Nge5 14. Nxe5 Bxe5 15. exf5 f6 16. c3 Kh7 17. Qe2 Na5 18. Ne3 Nxc4 19. dxc4 Rg8 20. Rae1 Bc6 21.
Nd5 Bxd5 22. cxd5 Rg7 23. Rf3 Qa5 24. Rh3 Rag8 25. Bg3 Rg5 26. a3 Qa4 27. c4 a6 28.
Rh4 Qa5 29. Rf1 b5 30. Rf2 bxc4 31. Bxe5 dxe5 32. Rxc4 Qb5 33. Rc2 Qb6 34. Qe3 Qa5 35. h3 Qa4 36. Kh2 Rg3 37. Qe2 R3g5 38. Rc4 Qb3 39. Rc3 Qa2 40. Qc4 Qb1 41. Qxc5 Rxf5 42. Qe3 Rfg5 43. Qd3+ Qxd3 44. Rxd3 Rd8 45. Rfd2 e4 46. Rd4 f5 47. d6 exd6 48. Rxd6 Rxd6 49.
Rxd6 Rg6 50. Rxg6 Kxg6 51. b4 Kf6 52. a4 Ke6 53. Kg3 Kd5 54. Kf4 h5 55. b5 axb5 56. axb5 Kc5 57. g4 fxg4 58. hxg4 hxg4 59. Kxg4 Kxb5 60.
Kf4 Kc4 61. Kxe4 1/2-1/2

[Event "*** Titled Tuesday Blitz"]
[Site "Chess.com"]
[Date "2020.12.29"]
[Round "3"]
[White "Storne89"]
[Black "Koalaskakistis"]
[Result "1-0"]
[WhiteElo "2590"]
[BlackElo "2387"]
[TimeControl "180+1"]
[EndTime "10:29:34 PST"]
[Termination "Storne89 won by resignation"]

1. e4 e6 2. d4 d5 3. Nc3 Nf6 4. Bg5 dxe4 5. Nxe4 Be7 6. Bxf6 gxf6 7. g3 f5 8. Nc3 Bf6 9. Nf3 Nc6 10. Ne2 b6 11.
Bg2 Bb7 12. O-O O-O 13. c3 a5 14. Nf4 Ne7 15. Nh5 Ng6 16. Qd2 Bxf3 17. Bxf3 Bg5 18.
Qe2 Rc8 19. Rad1 Qe7 20. Rfe1 c5 21. h4 Bh6 22. d5 e5 23. d6 Qd8 24. Bd5 Kh8 25.
Qc2 e4 26. Qb3 Ne5 27. Kg2 Qxd6 28. Bxf7 Qc6 29. Bd5 Qg6 30. Be6 Qxh5 31. Bxc8 Qf3+ 32. Kg1 e3 33. Qc2 Ng4 34. fxe3 Bxe3+ 35. Rxe3 Qxe3+ 36. Kg2 Rxc8 37. Qxf5 Qd2+ 38. Rxd2 Ne3+ 39. Kf3 Nxf5 40. Rd5 Ne7 41. Rd6 Nc6 42. Kf4 Kg7 43. Rd7+ Kg6 44. Rd6+ Kf7 45. Rd7+ Ne7 46. Rb7 Rc6 47. g4 h6 48. g5 hxg5+ 49. hxg5 Ke6 50. c4 Rd6 51. b3 Ng6+ 52. Kg4 Ke5 53. Kh5 Kd4 54. Rg7 Nf4+ 55. Kg4 Ng6 56. Kh5 Ne5 57. Re7 a4 58. bxa4 Nxc4 59.
g6 Ne5 60. g7 Rd8 61. Re6 Rg8 62. Kh6 Nd7 63. Rd6+ Kc4 64. Rxd7 Kb4 1-0

[Event "*** Titled Tuesday Blitz"]
[Site "Chess.com"]
[Date "2020.12.29"]
[Round "3"]
[White "vrekhson"]
[Black "JozefKneht"]
[Result "1-0"]
[WhiteElo "2234"]
[BlackElo "2483"]
[TimeControl "180+1"]
[EndTime "10:29:34 PST"]
[Termination "vrekhson won by resignation"]

1. e4 c5 2. Nf3 d6 3. d4 cxd4 4. Qxd4 Bd7 5. c4 Nc6 6. Qd2 g6 7. Nc3 Bg7 8. b3 Nf6 9. Bb2 O-O 10. Bd3 a6 11. O-O Rb8 12. Rfe1 Ng4 13. Rad1 Nge5 14.
Be2 b5 15. cxb5 Nxf3+ 16. gxf3 axb5 17. Nxb5 Ne5 18. Nd4 Qb6 19. f4 Bh6 20. Qe3 Ng4 21. Bxg4 Bxg4 22. Rd3 e5 23. Nc2 Qc6 24. Na3 Bxf4 25.
Rc3 Qd7 26. Qd3 Bh5 27. Nc4 Qg4+ 28. Kh1 Rfd8 29. Rg1 Qh4 30. Qh3 Qxf2 31. Qxh5 Qxg1+ 32. Kxg1 gxh5 33. Ne3 Rbc8 34. Nd5 Rxc3 35. Bxc3 Ra8 36. a4 f5 37. h3 Kf7 38. exf5 Bc1 39. a5 Bg5 40. b4 Bd8 41. Kf2 Ke8 42. Ke3 Kd7 43. Ke4 Kc6 44. f6 Bxf6 45. Nxf6 Rf8 46.
Nd5 Rf1 47. a6 Rf8 48. a7 Ra8 49. b5+ Kb7 50. b6 Rc8 51. Bb4 Rc4+ 52. Kf5 Rd4 53. Ke6 Rxd5 54. Kxd5 e4 55. Kxe4 1-0

[Event "*** Titled Tuesday Blitz"]
[Site "Chess.com"]
[Date "2020.12.29"]
[Round "3"]
[White "Rsnr"]
[Black "peixe64"]
[Result "1-0"]
[WhiteElo "2794"]
[BlackElo "2445"]
[TimeControl "180+1"]
[EndTime "10:29:35 PST"]
[Termination "Rsnr won on time"]

1. b3 e5 2. Bb2 Nc6 3. e3 Nf6 4. Bb5 Bd6 5. Na3 a6 6. Bxc6 dxc6 7. Nc4 Qe7 8. Ne2 O-O 9. O-O Bg4 10. f3 Bh5 11.
Ng3 Bg6 12. Qe2 Rfe8 13. Nxd6 cxd6 14. e4 d5 15. d3 Rad8 16. a4 h5 17. Qe3 d4 18. Qg5 Nh7 19. Qxe7 Rxe7 20. f4 exf4 21. Ne2 Nf6 22. Nxd4 c5 23. Ne2 Ng4 24. Nxf4 Ne3 25. Rf2 Ng4 26. Re2 Red7 27. h3 Nf6 28. Bxf6 gxf6 29.
Rf1 Kg7 30. Ref2 Rd6 31. Kh2 Re8 32. a5 Re5 33. Nd5 f5 34. Ne3 fxe4 35. Nc4 Rde6 36. Nxe5 Rxe5 37. dxe4 Rxe4 38. c4 Re3 39. Rf3 Re2 40.
R1f2 Re1 41. Rd2 Ra1 42. Rd7 Be4 43. Rg3+ Kf6 44. Rc7 Bc6 45. h4 Rxa5 46. Rg5 Ra3 47. Rxh5 Rxb3 48. Rxc5 Re3 49. Rg5 Re4 50. g3 Rxc4 51.
Kg1 Rc2 52. Rc8 Rc1+ 53. Kf2 Rc2+ 54. Ke3 Rc3+ 55. Kd4 Rf3 56. Rh8 Rf5 57. Rh6+ Ke7 58. Rxf5 1-0

[Event "*** Titled Tuesday Blitz"]
[Site "Chess.com"]
[Date "2020.12.29"]
[Round "3"]
[White "Vaathi_Coming"]
[Black "Karacsonyi_Gellert"]
[Result "1-0"]
[WhiteElo "2837"]
[BlackElo "2606"]
[TimeControl "180+1"]
[EndTime "10:29:37 PST"]
[Termination "Vaathi_Coming won by resignation"]

1. Nf3 Nf6 2. b3 d5 3. Bb2 e6 4.
e3 Be7 5. Be2 O-O 6. O-O c5 7.
c4 b6 8. cxd5 Nxd5 9. Nc3 Bf6 10. Rc1 Bb7 11. d4 cxd4 12. Nxd4 Nc6 13. Nxd5 Bxd4 14.
Bxd4 Nxd4 15. Qxd4 Qxd5 16. Qxd5 Bxd5 17. f3 Rac8 18. Ba6 Rxc1 19. Rxc1 f5 20. Kf2 g5 21. Ke2 Rf7 22. Bd3 Kg7 23. Rc8 Bb7 24. Re8 Kf6 25. Bc4 Re7 26. Rf8+ Rf7 27. Rd8 Ke7 28. Rb8 Kf6 29.
g3 Bd5 30. Bxd5 exd5 31. Rd8 Ke6 32. Kd3 f4 33. exf4 gxf4 34. g4 h5 35. h3 hxg4 36. hxg4 Ke5 37. Re8+ Kf6 38. Kd4 Kg5 39. Rh8 Rc7 40. Rh5+ Kg6 41. Rf5 Rc2 42. a4 Rd2+ 43.
Kc3 Rd1 44. Rxf4 Kg5 45. Rd4 Rc1+ 46. Kd2 Rc5 47. b4 Rc8 48. Rxd5+ Kf4 49. Rf5+ Kg3 50.
a5 Rc4 51. axb6 axb6 52. b5 Rb4 53. Kc3 Rb1 54. Kd4 Rc1 55. Kd5 Rc5+ 56. Kd6 Rc1 57. g5 Kh4 58. g6 Rg1 59. Rf6 Kg5 60. Ke7 Re1+ 61. Kf7 Rc1 62. f4+ Kh5 63. g7 Rc7+ 64.
Kg8 Rc8+ 65. Kh7 Rc5 66. g8=Q Rxb5 67. Qg6+ 1-0

[Event "*** Titled Tuesday Blitz"]
[Site "Chess.com"]
[Date "2020.12.29"]
[Round "3"]
[White "Arseniy_Nesterov"]
[Black "Alexandr_Kholin"]
[Result "1-0"]
[WhiteElo "2768"]
[BlackElo "2547"]
[TimeControl "180+1"]
[EndTime "10:29:37 PST"]
[Termination "Arseniy_Nesterov won by resignation"]

1. d4 d5 2. c4 c6 3. Nf3 Nf6 4.
e3 e6 5. Nc3 Nbd7 6. Qc2 Bd6 7.
b3 O-O 8. Be2 e5 9. cxd5 cxd5 10. Nb5 Bb4+ 11. Bd2 Bxd2+ 12. Nxd2 a6 13. dxe5 Nxe5 14.
Nd4 Bg4 15. Bxg4 Nexg4 16. O-O Qd6 17. N2f3 Rac8 18. Qb2 Ne4 19. Nf5 Qf6 20. Qxf6 Ngxf6 21. Ne7+ Kh8 22. Nxc8 Rxc8 23. Rac1 Nc3 24. Nd4 b5 25.
a3 a5 26. b4 axb4 27. axb4 Rc4 28. f3 g6 29. Rc2 Na4 30. Rxc4 bxc4 31. Ra1 Nb6 32. Ra6 Nfd7 33. Kf2 Kg7 34. Ke1 Kf8 35. Kd2 Ke7 36. Kc3 h5 37. b5 Kd6 38. Kb4 Kc7 39. Ne2 Kb7 40. Nc3 Ne5 41. Rxb6+ Kxb6 42. Nxd5+ Kb7 43.
f4 Nd3+ 44. Kxc4 Ne1 45. g3 Nf3 46. h4 Nd2+ 47. Kd4 Nf1 48. Ke5 Nxg3 49. e4 f6+ 50. Kxf6 Nxe4+ 51. Kxg6 Nd6 52. b6 Kc6 53. Kxh5 Kxd5 54.
Kg6 Ke4 55. h5 Kxf4 56. h6 Nc8 57. h7 Ne7+ 58. Kf7 1-0

[Event "*** Titled Tuesday Blitz"]
[Site "Chess.com"]
[Date "2020.12.29"]
[Round "3"]
[White "Kislov_Oleg"]
[Black "alexrustemov"]
[Result "0-1"]
[WhiteElo "2426"]
[BlackElo "2670"]
[TimeControl "180+1"]
[EndTime "10:29:37 PST"]
[Termination "alexrustemov won by resignation"]

1. e4 e6 2. d4 d5 3. Nc3 Bb4 4. exd5 exd5 5. Bd3 Nc6 6. Ne2 Nge7 7. O-O Bf5 8. Bg5 f6 9. Bh4 Qd7 10. Bg3 O-O 11.
a3 Bxc3 12. Nxc3 Nxd4 13. Bxf5 Ndxf5 14. Qd3 c6 15. Rad1 Rad8 16. Ne4 b6 17. c4 Rfe8 18. c5 Nxg3 19. fxg3 Nf5 20. Nxf6+ gxf6 21. Rxf5 bxc5 22. Rxf6 Re6 23. Rdf1 Rxf6 24. Rxf6 Qe7 25. Rxc6 Qe1+ 26. Qf1 Qe3+ 27. Qf2 Qc1+ 28. Qf1 Qxb2 29. Qf5 Qc1+ 30. Qf1 Qe3+ 31. Qf2 Qc1+ 32. Qf1 Qxf1+ 33. Kxf1 c4 34. Ke2 Re8+ 35. Kd2 Re4 36. Rc7 Rd4+ 37. Kc2 a5 38.
Rc5 a4 39. Ra5 Rd3 40. Rxa4 Kf7 41. Ra6 Ke7 42. g4 Re3 43. g5 Re2+ 44. Kc3 Rxg2 45. Kd4 Rd2+ 46. Ke5 c3 47. Ra7+ Kd8 48. Kd6 Kc8 49. Kc6 Kd8 50. Kd6 Ke8 51. Re7+ Kf8 52. Rc7 d4 53. a4 c2 54. a5 d3 55. a6 Rd1 56. a7 Ra1 57. Rc8+ Kg7 58. Rc7+ Kg6 59.
Rd7 0-1

[Event "*** Titled Tuesday Blitz"]
[Site "Chess.com"]
[Date "2020.12.29"]
[Round "3"]
[White "Ladislav1969"]
[Black "chessuriel"]
[Result "1-0"]
[WhiteElo "2394"]
[BlackElo "2221"]
[TimeControl "180+1"]
[EndTime "10:29:40 PST"]
[Termination "Ladislav1969 won by resignation"]

1. e4 c5 2. d4 cxd4 3. c3 dxc3 4. Nxc3 Nc6 5. Nf3 d6 6. Bc4 e6 7. O-O Nf6 8. Qe2 Be7 9. Rd1 e5 10.
Bb5 Bg4 11. Qc4 O-O 12. Bxc6 Bxf3 13. gxf3 bxc6 14. Qxc6 Rc8 15. Qb5 Nh5 16. Kh1 Bg5 17. Rxd6 Qxd6 18. Bxg5 h6 19. Be3 Qf6 20. Qe2 Nf4 21.
Bxf4 Qxf4 22. Nd5 Qh4 23. Rg1 Rc6 24. Rg4 Qd8 25. Qb5 Rg6 26. Qc5 Rxg4 27. fxg4 Re8 28. Qxa7 Qh4 29. Qd7 Rf8 30. Qf5 g6 31. Qf3 Kg7 32. Kg2 Qg5 33. h3 h5 34. Qg3 h4 35. Qe3 Qxe3 36. fxe3 Rb8 37. b4 f6 38.
a4 Kf7 39. b5 Ke6 40. b6 f5 41. a5 fxe4 42. Nc7+ Kd7 43. a6 Rxb6 44. a7 Rb2+ 45. Kf1 Ra2 46. a8=Q Rxa8 47. Nxa8 Kc6 48. Ke2 Kb7 49.
Kd2 Kxa8 50. Kc3 Kb7 51. Kc4 Kc6 52. Kb4 Kb6 53. Kc4 Kc6 54. g5 Kd6 55. Kb5 Ke6 56.
Kc5 Kf5 57. Kd5 Kxg5 58. Kxe5 Kh5 59. Kxe4 g5 60. Kf5 g4 61. hxg4+ Kh6 62. Kf4 Kg6 63. e4 Kf6 64. e5+ Kg6 65. Kf3 Kg5 66. Kg2 1-0

[Event "*** Titled Tuesday Blitz"]
[Site "Chess.com"]
[Date "2020.12.29"]
[Round "3"]
[White "Sacbutt"]
[Black "Kopytkin"]
[Result "1/2-1/2"]
[WhiteElo "2213"]
[BlackElo "2367"]
[TimeControl "180+1"]
[EndTime "10:29:41 PST"]
[Termination "Game drawn by repetition"]

1. d4 Nf6 2. c4 g6 3. Nc3 Bg7 4. Nf3 O-O 5. Bg5 c5 6. e3 cxd4 7. Nxd4 Nc6 8. Be2 Qa5 9. Bxf6 Bxf6 10. O-O Bg7 11. Bf3 Qc5 12. Nxc6 dxc6 13. Rc1 Be6 14.
b3 Rfd8 15. Qc2 Rd7 16. Rfd1 Rad8 17. Rxd7 Rxd7 18. Rd1 Rxd1+ 19. Nxd1 Qe5 20. h3 h5 21. h4 Bf6 22. g3 Qa1 23. Kg2 Bf5 24. e4 Be6 25. Ne3 Qb2 26. Qxb2 Bxb2 27. Be2 a5 28. f4 Kg7 29. f5 Bc8 30. fxg6 fxg6 31. g4 Bc1 32. Kf2 hxg4 33. Nxg4 a4 34. bxa4 Be6 35. Kg3 Bd2 36. Nf2 Kf6 37. Ng4+ Kg7 38. Nf2 Kf6 39.
Ng4+ Bxg4 40. Kxg4 Ke5 41. Kf3 Kd4 42. Bd1 e5 43. Bb3 Kc5 44. Kg4 Kb4 45. h5 gxh5+ 46.
Kxh5 Kc5 47. Kg6 Bb4 48. Kf5 Kd6 49. Kf6 Ba5 50. Bc2 Bb6 51. Bd1 Ba5 52. Bg4 Bb6 53. Bc8 Kc7 54. Be6 Bd4 55. Ke7 b6 56. Bd7 Kb7 57. Be8 Kc7 58. Bd7 Bc3 59. Ke6 Bd4 60. Be8 Bc3 61. Bd7 Bd4 62. Be8 Bc3 63. Ke7 Bd4 64.
Bf7 Bc3 65. Ke6 Bd4 66. Be8 1/2-1/2

[Event "*** Titled Tuesday Blitz"]
[Site "Chess.com"]
[Date "2020.12.29"]
[Round "3"]
[White "HaryKane"]
[Black "igorkovalenko"]
[Result "0-1"]
[WhiteElo "2678"]
[BlackElo "2913"]
[TimeControl "180+1"]
[EndTime "10:29:43 PST"]
[Termination "igorkovalenko won by checkmate"]

1. e4 c5 2. Nf3 e6 3. d4 cxd4 4. Nxd4 Nf6 5. Nc3 Nc6 6. Ndb5 Bc5 7. Nd6+ Ke7 8. Nxc8+ Rxc8 9. Bd3 Qc7 10. Qe2 Nd4 11.
Qd1 a6 12. Be3 h5 13. Qd2 Ng4 14. Nd1 Nxe3 15. Nxe3 Nc6 16. O-O-O b5 17. Kb1 Rhd8 18. g4 Qa5 19. c3 Qb6 20. Nc2 hxg4 21. Qg5+ Kf8 22.
Qxg4 b4 23. c4 b3 24. axb3 Qxb3 25. Rhg1 g6 26. Na1 Qb6 27. Qf4 Bd4 28. Rd2 Be5 29. Qh6+ Ke7 30. Re1 Rh8 31. Qg5+ Bf6 32. Qg3 Rb8 33.
Ree2 Rh5 34. f4 Nd4 35. Rg2 Bh4 36. Qg4 Be1 37. f5 Bxd2 38. Rxd2 Qb4 39. Qf4 g5 40. Qe3 e5 41. f6+ Kd8 42. Be2 Rxh2 43. Qxg5 Qxd2 44. Qxd2 Rxe2 45. Qa5+ Kc8 46. Qxa6+ Rb7 47. Qa8+ Kc7 48. Qa5+ Kc8 49. Qa8+ Kc7 50. Qa5+ Kc6 51. Qd5+ Kb6 52. Qd6+ Nc6 53. Nb3 Ka7 54. Qc5+ Kb8 55. Qf8+ Ka7 56. Qa3+ Kb8 57. Qd6+ Kc8 58. Qf8+ Kc7 59. c5 Rxb3 60. Qd6+ Kc8 61. Qf8+ Kb7 62. Kc1 Rbxb2 63. Qxf7 Rbc2+ 64. Kd1 Rcd2+ 65. Kc1 Nb4 66. Qb3 Rc2+ 67. Kd1 Red2+ 68. Ke1 Rb2 69. Qf7 Nd3+ 70. Kf1 Rd1# 0-1

[Event "*** Titled Tuesday Blitz"]
[Site "Chess.com"]
[Date "2020.12.29"]
[Round "3"]
[White "SCIM"]
[Black "Marianov_Podstavnikov"]
[Result "1/2-1/2"]
[WhiteElo "2422"]
[BlackElo "2254"]
[TimeControl "180+1"]
[EndTime "10:29:43 PST"]
[Termination "Game drawn by stalemate"]

1. d4 Nf6 2. c4 e6 3. Nf3 d5 4. g3 Be7 5. Bg2 O-O 6. O-O dxc4 7. Qc2 a6 8. a4 Bd7 9. Ne5 Bc6 10. Nxc6 Nxc6 11. e3 Na5 12. Nd2 c5 13. Nxc4 cxd4 14. Nxa5 Qxa5 15. exd4 Rac8 16. Qb3 Nd5 17. h4 Bf6 18.
Rd1 Rfd8 19. Bd2 Qc7 20. Rac1 Qd7 21. Ba5 Rxc1 22. Rxc1 b6 23. Bc3 b5 24. axb5 axb5 25.
Ra1 b4 26. Bxb4 Nxb4 27. Qxb4 Qxd4 28. Qxd4 Bxd4 29. Ra2 Rb8 30. b4 Kf8 31. Ra8 Rxa8 32. Bxa8 Ke7 33. b5 Kd6 34. Kg2 f5 35. Bf3 g6 36.
Be2 h6 37. Kf1 g5 38. h5 e5 39. g4 fxg4 40. Bxg4 e4 41. Ke2 Ke5 42. Bc8 Kf4 43. Bb7 g4 44. Bc6 Bb6 45. Bd5 Bc5 46. Ke1 Bb6 47. Kf1 Kf3 48. Bc6 Bc5 49. Bb7 Bb6 50. Bc6 Bxf2 51. Bxe4+ Kg3 52. Bg6 Bb6 53. Be4 Kh3 54. Bf5 Kg3 55. Bxg4 Kxg4 56. Kg2 Kxh5 57. Kh1 Kg5 58. Kg2 h5 59. Kh1 h4 60. Kg2 Kg4 61. Kh1 h3 62. Kh2 Kh4 63. Kh1 Kg4 64. Kh2 Bc7+ 65. Kh1 Kg3 66. b6 Bb8 67. b7 h2 1/2-1/2